TOP OF THE 1ST |
Bakersfield Blaze batting - Pitching for Clearwater Threshers : RHP Jamie Gordam
|
Pitching: RHP Jamie Gordam
|
|
Batting: RHB Carlton McDonald
|
0-0: Ball 1-0: Called Strike 1-1: Ground out 4-3 (Groundball, 4M, EV 97.5 MPH)
|
Batting: RHB Jose Zuniga
|
0-0: Foul Ball, location: 3F 0-1: Called Strike 0-2: SINGLE (Groundball, 6MD, EV 96.9 MPH)
|
Batting: LHB Chris Jackson
|
0-0: Ball 1-0: Ball 2-0: Called Strike 2-1: Foul Ball, location: 7LMF 2-2: Foul Ball, location: 5F 2-2: Strikes out swinging
|
Batting: RHB Caleb Dean
|
0-0: SINGLE (Groundball, 6MD, EV 105.0 MPH) Jose Zuniga to second Runner from 2nd tries for 3rd, OUT! 8-5
|
Top of the 1st over - 0 runs, 2 hits, 0 errors, 1 left on base; Bakersfield 0 - Clearwater 0 |
BOTTOM OF THE 1ST |
Clearwater Threshers batting - Pitching for Bakersfield Blaze : LHP Ramiro Aguilar
|
Pitching: LHP Ramiro Aguilar
|
|
Batting: LHB Jonathan Roman
|
0-0: Ball 1-0: Called Strike 1-1: Swinging Strike 1-2: Ball 2-2: Ball 3-2: Strikes out swinging
|
Batting: LHB Jean-Claude Vanbiesbrouck
|
0-0: Called Strike 0-1: Called Strike 0-2: Strikes out swinging
|
Batting: RHB Alan Weller
|
0-0: SINGLE (Line Drive, 89S, EV 103.8 MPH)
|
Batting: RHB Tony Perez
|
0-0: Called Strike 0-1: Called Strike 0-2: Foul Ball, location: 3F 0-2: Foul Ball, location: 2LF 0-2: Ball 1-2: Ground out 2-3 (Groundball, 2R, EV 66.9 MPH)
|
Bottom of the 1st over - 0 runs, 1 hit, 0 errors, 1 left on base; Bakersfield 0 - Clearwater 0 |
TOP OF THE 2ND |
Bakersfield Blaze batting - Pitching for Clearwater Threshers : RHP Jamie Gordam
|
Batting: LHB William Gonzales
|
0-0: Called Strike 0-1: Ball 1-1: DOUBLE (Flyball, 78D, EV 96.3 MPH)
|
Batting: RHB Rich Griffith
|
0-0: Ball 1-0: Ball 2-0: Ground out U3 (Groundball, 3S, EV 86.9 MPH) William Gonzales to third
|
Batting: LHB Jason Kinney
|
0-0: Ball 1-0: Ball 2-0: Ground out 4-3 (Groundball, 4, EV 86.3 MPH) William Gonzales scores
|
Batting: RHB Eddie Luna
|
0-0: Called Strike 0-1: Called Strike 0-2: SINGLE (Flyball, 5D, EV 87.5 MPH)
|
Batting: LHB Chang Huie
|
0-0: Called Strike 0-1: Ball 1-1: Foul Ball, location: 3F 1-2: Ball 2-2: Ball 3-2: Base on Balls Eddie Luna to second
|
Batting: RHB Carlton McDonald
|
0-0: SINGLE (Groundball, 34S, EV 66.3 MPH) (infield hit) Eddie Luna to third Chang Huie to second
|
Batting: RHB Jose Zuniga
|
0-0: Foul Ball, location: 2F 0-1: Ball 1-1: Hit by Pitch Eddie Luna scores Chang Huie to third Carlton McDonald to second
|
Batting: LHB Chris Jackson
|
0-0: Ball 1-0: Foul Ball, location: 7LDF 1-1: SINGLE (Groundball, 34D, EV 107.5 MPH) Chang Huie scores Carlton McDonald to third Jose Zuniga to second
|
Batting: RHB Caleb Dean
|
0-0: Ball 1-0: SINGLE (Line Drive, 6D, EV 105.0 MPH) Carlton McDonald scores Jose Zuniga to third Chris Jackson to second Runner from 3rd tries for Home, SAFE, throw by CF to home
|
Batting: LHB William Gonzales
|
0-0: Foul Ball, location: 25FF 0-1: DOUBLE (Line Drive, 78D, EV 110.0 MPH) Chris Jackson scores Caleb Dean to third
|
Pitching: RHP Gregorio Padilla
|
|
Batting: RHB Rich Griffith
|
0-0: Foul Ball, location: 5F 0-1: Ball Wild Pitch! Caleb Dean scores William Gonzales to third 1-1: Fly out, F9 (Line Drive, 89M, EV 108.1 MPH)
|
Top of the 2nd over - 7 runs, 6 hits, 0 errors, 1 left on base; Bakersfield 7 - Clearwater 0 |
BOTTOM OF THE 2ND |
Clearwater Threshers batting - Pitching for Bakersfield Blaze : LHP Ramiro Aguilar
|
Batting: LHB Josh George
|
0-0: Called Strike 0-1: SINGLE (Line Drive, 89S, EV 89.4 MPH)
|
Batting: RHB Mike Maserang
|
0-0: Grounds into double play, 6-4-3 (Groundball, 6M, EV 108.8 MPH)
|
Batting: SHB Steve DeRienzo
|
0-0: Ball 1-0: Called Strike 1-1: Ground out 6-3 (Groundball, 6, EV 90.0 MPH)
|
Bottom of the 2nd over - 0 runs, 1 hit, 0 errors, 0 left on base; Bakersfield 7 - Clearwater 0 |
TOP OF THE 3RD |
Bakersfield Blaze batting - Pitching for Clearwater Threshers : RHP Gregorio Padilla
|
Batting: LHB Jason Kinney
|
0-0: Called Strike 0-1: Ball 1-1: Ball 2-1: Ball 3-1: Base on Balls
|
Batting: RHB Eddie Luna
|
0-0: Ball 1-0: Ball 2-0: Foul Ball, location: 2F 2-1: Called Strike 2-2: Strikes out swinging
|
Batting: LHB Chang Huie
|
0-0: Called Strike 0-1: Ball 1-1: Foul Ball, location: 9LMF 1-2: Foul Ball, location: 9LMF 1-2: Ball 2-2: Ball 3-2: Base on Balls Jason Kinney to second
|
Batting: RHB Carlton McDonald
|
0-0: Ball 1-0: Ball 2-0: Ball 3-0: Base on Balls Jason Kinney to third Chang Huie to second
|
Batting: RHB Jose Zuniga
|
0-0: Ball 1-0: Ball 2-0: Called Strike 2-1: Foul Ball, location: 2F 2-2: Ball 3-2: Grounds into double play, 6-4-3 (Groundball, 6, EV 83.1 MPH)
|
Top of the 3rd over - 0 runs, 0 hits, 0 errors, 2 left on base; Bakersfield 7 - Clearwater 0 |
BOTTOM OF THE 3RD |
Clearwater Threshers batting - Pitching for Bakersfield Blaze : LHP Ramiro Aguilar
|
Batting: RHB Juan Valadez
|
0-0: Called Strike 0-1: Ball 1-1: Called Strike 1-2: Foul Ball, location: 9LMF 1-2: SINGLE (Groundball, 6D, EV 105.6 MPH)
|
Batting: LHB Eric Farren
|
0-0: Ball 1-0: Called Strike 1-1: Ball 2-1: Ball 3-1: Grounds into double play, 4-6-3 (Groundball, 4, EV 103.1 MPH)
|
Batting: LHB Jonathan Roman
|
0-0: Ball 1-0: Ball 2-0: Fly out, F7 (Flyball, 7LM, EV 96.9 MPH)
|
Bottom of the 3rd over - 0 runs, 1 hit, 0 errors, 0 left on base; Bakersfield 7 - Clearwater 0 |
TOP OF THE 4TH |
Bakersfield Blaze batting - Pitching for Clearwater Threshers : RHP Gregorio Padilla
|
Batting: LHB Chris Jackson
|
0-0: Called Strike 0-1: Ball 1-1: Ball 2-1: Foul Ball, location: 2F 2-2: Foul Ball, location: 3F 2-2: Strikes out swinging
|
Batting: RHB Caleb Dean
|
0-0: Foul Ball, location: 25FF 0-1: Ball 1-1: DOUBLE (Line Drive, 9LS, EV 95.6 MPH)
|
Batting: LHB William Gonzales
|
0-0: Ball 1-0: Foul Ball, location: 7LMF 1-1: Foul Ball, location: 2F 1-2: Ball 2-2: Strikes out looking
|
Batting: RHB Rich Griffith
|
0-0: Called Strike 0-1: Swinging Strike 0-2: Ball 1-2: DOUBLE (Line Drive, 7LM, EV 93.1 MPH) Caleb Dean scores
|
Batting: LHB Jason Kinney
|
0-0: Called Strike 0-1: Swinging Strike 0-2: Ball 1-2: Ball 2-2: Foul Ball, location: 7LMF 2-2: Strikes out swinging
|
Top of the 4th over - 1 run, 2 hits, 0 errors, 1 left on base; Bakersfield 8 - Clearwater 0 |
BOTTOM OF THE 4TH |
Clearwater Threshers batting - Pitching for Bakersfield Blaze : LHP Ramiro Aguilar
|
Batting: LHB Jean-Claude Vanbiesbrouck
|
0-0: Called Strike 0-1: Ball 1-1: Ball 2-1: Called Strike 2-2: Ball 3-2: Base on Balls
|
Batting: RHB Alan Weller
|
0-0: SINGLE (Groundball, 6M, EV 86.3 MPH) Jean-Claude Vanbiesbrouck to second
|
Batting: RHB Tony Perez
|
0-0: Called Strike 0-1: Fielders Choice at 2nd, 5-4 (Groundball, 15, EV 83.1 MPH) Jean-Claude Vanbiesbrouck to third
|
Batting: LHB Josh George
|
0-0: Called Strike Tony Perez steals 2nd base 0-1: Called Strike 0-2: Foul Ball, location: 3FF 0-2: Ball 1-2: Ball 2-2: Foul Ball, location: 5F 2-2: Ball 3-2: Strikes out swinging
|
Batting: RHB Mike Maserang
|
0-0: Ball 1-0: Called Strike 1-1: Ball 2-1: Ball 3-1: Fly out, F9 (Line Drive, 9, EV 93.1 MPH)
|
Bottom of the 4th over - 0 runs, 1 hit, 0 errors, 2 left on base; Bakersfield 8 - Clearwater 0 |
TOP OF THE 5TH |
Bakersfield Blaze batting - Pitching for Clearwater Threshers : RHP Gregorio Padilla
|
Batting: RHB Eddie Luna
|
0-0: Swinging Strike 0-1: Called Strike 0-2: Ball 1-2: Strikes out looking
|
Batting: LHB Chang Huie
|
0-0: Swinging Strike 0-1: Ball 1-1: SINGLE (Groundball, 13S, EV 61.9 MPH) (infield hit)
|
Batting: RHB Carlton McDonald
|
0-0: Ball 1-0: Called Strike 1-1: Ball 2-1: Swinging Strike 2-2: Hit by Pitch Chang Huie to second
|
Batting: RHB Jose Zuniga
|
0-0: Called Strike 0-1: Called Strike 0-2: Ball 1-2: Strikes out swinging
|
Batting: LHB Chris Jackson
|
0-0: Swinging Strike 0-1: Fielders Choice at 3rd, U5 (Groundball, 5L, EV 100.6 MPH)
|
Top of the 5th over - 0 runs, 1 hit, 0 errors, 1 left on base; Bakersfield 8 - Clearwater 0 |
BOTTOM OF THE 5TH |
Clearwater Threshers batting - Pitching for Bakersfield Blaze : LHP Ramiro Aguilar
|
Batting: SHB Steve DeRienzo
|
0-0: Called Strike 0-1: Swinging Strike 0-2: Ball 1-2: Fly out, F8 (Line Drive, 8LS, EV 90.6 MPH)
|
Batting: RHB Juan Valadez
|
0-0: Ball 1-0: Ball 2-0: DOUBLE (Line Drive, 89D, EV 98.1 MPH)
|
Batting: LHB Eric Farren
|
0-0: Ball 1-0: Swinging Strike 1-1: Swinging Strike 1-2: Foul Ball, location: 9LDF 1-2: Ball 2-2: SINGLE (Groundball, 6S, EV 73.8 MPH) (infield hit) Juan Valadez to third
|
Batting: LHB Jonathan Roman
|
0-0: SINGLE (Groundball, 4MD, EV 99.4 MPH) Juan Valadez scores Eric Farren to second
|
Batting: LHB Jean-Claude Vanbiesbrouck
|
0-0: Ball 1-0: Ball 2-0: Ball 3-0: Called Strike 3-1: Base on Balls Eric Farren to third Jonathan Roman to second
|
Batting: RHB Alan Weller
|
0-0: Ball 1-0: Grounds into fielders choice 1-2 (Groundball, 13S, EV 62.5 MPH) Jonathan Roman to third Jean-Claude Vanbiesbrouck to second
|
Batting: RHB Tony Perez
|
0-0: Foul Ball, location: 2F 0-1: Foul Ball, location: 23FF 0-2: Hit by Pitch Jonathan Roman scores Jean-Claude Vanbiesbrouck to third Alan Weller to second
|
Batting: LHB Josh George
|
0-0: Called Strike 0-1: Fly out, F7 (Flyball, 78D, EV 83.8 MPH)
|
Bottom of the 5th over - 2 runs, 3 hits, 0 errors, 3 left on base; Bakersfield 8 - Clearwater 2 |
TOP OF THE 6TH |
Bakersfield Blaze batting - Pitching for Clearwater Threshers : RHP Gregorio Padilla
|
Batting: RHB Caleb Dean
|
0-0: Foul Ball, location: 2F 0-1: Ball 1-1: Foul Ball, location: 2F 1-2: Strikes out swinging
|
Pitching: RHP John Hughes
|
|
Batting: LHB William Gonzales
|
0-0: Ball 1-0: Foul Ball, location: 2F 1-1: Ball 2-1: Foul Ball, location: 7LDF 2-2: Ball 3-2: Foul Ball, location: 9LSF 3-2: SOLO HOME RUN (Flyball, 9LD, EV 93.8 MPH), Distance : 341 ft
|
Batting: RHB Rich Griffith
|
0-0: Swinging Strike 0-1: Ball 1-1: Ball 2-1: Foul Ball, location: 3SF 2-2: Ball 3-2: Ground out 6-3 (Groundball, 6S, EV 84.4 MPH)
|
Batting: LHB Jason Kinney
|
0-0: Fly out, F6 (Line Drive, 4, EV 76.3 MPH)
|
Top of the 6th over - 1 run, 1 hit, 0 errors, 0 left on base; Bakersfield 9 - Clearwater 2 |
BOTTOM OF THE 6TH |
Clearwater Threshers batting - Pitching for Bakersfield Blaze : LHP Ramiro Aguilar
|
Batting: RHB Mike Maserang
|
0-0: Called Strike 0-1: Ball 1-1: Ball 2-1: Swinging Strike 2-2: Ball 3-2: Foul Ball, location: 9LSF 3-2: Foul Ball, location: 3DF 3-2: Foul Ball, location: 2F 3-2: Foul Ball, location: 5F 3-2: Foul Ball, location: 2RF 3-2: Base on Balls
|
Pitching: RHP Jose Lomas
|
|
Batting: SHB Steve DeRienzo
|
0-0: Foul Ball, location: 7LSF 0-1: Ball 1-1: Ground out 5-3 (Groundball, 56S, EV 73.1 MPH) Mike Maserang to second
|
Pinch Hitting: LHB Matt Urbanek
|
0-0: Ball 1-0: Called Strike 1-1: Ball 2-1: Foul Ball, location: 2F 2-2: Strikes out looking
|
Batting: LHB Eric Farren
|
0-0: Ball 1-0: Ball 2-0: SINGLE (Line Drive, 34D, EV 98.8 MPH) Mike Maserang to third Runner from 3rd tries for Home, SAFE, throw by RF to home Eric Farren to second
|
Batting: LHB Jonathan Roman
|
0-0: Ground out 6-3 (Groundball, 6, EV 85.0 MPH)
|
Bottom of the 6th over - 1 run, 1 hit, 0 errors, 1 left on base; Bakersfield 9 - Clearwater 3 |
TOP OF THE 7TH |
Bakersfield Blaze batting - Pitching for Clearwater Threshers : RHP John Hughes
|
Now at 1B: Matt Urbanek
|
|
Now in CF: Tony Perez
|
|
Batting: RHB Eddie Luna
|
0-0: Ball 1-0: Ball 2-0: Ball 3-0: Called Strike 3-1: Swinging Strike 3-2: Foul Ball, location: 2F 3-2: SINGLE (Flyball, 78S, EV 89.4 MPH)
|
Batting: LHB Chang Huie
|
0-0: Foul Ball, location: 7LMFF 0-1: Foul Ball, location: 23FF 0-2: Foul Ball, location: 2F 0-2: Grounds into double play, 6-4-3 (Groundball, 6M, EV 84.4 MPH)
|
Batting: RHB Carlton McDonald
|
0-0: Called Strike 0-1: Ball 1-1: Ball 2-1: Ball 3-1: Called Strike 3-2: Foul Ball, location: 5SF 3-2: Strikes out swinging
|
Top of the 7th over - 0 runs, 1 hit, 0 errors, 0 left on base; Bakersfield 9 - Clearwater 3 |
BOTTOM OF THE 7TH |
Clearwater Threshers batting - Pitching for Bakersfield Blaze : RHP Jose Lomas
|
Batting: LHB Jean-Claude Vanbiesbrouck
|
0-0: SINGLE (Groundball, 56D, EV 110.6 MPH)
|
Batting: RHB Alan Weller
|
0-0: Ball Jean-Claude Vanbiesbrouck is caught stealing 2nd base 2-4 1-0: Ball 2-0: Ball 3-0: Ground out 4-3 (Groundball, 4, EV 83.8 MPH)
|
Batting: RHB Tony Perez
|
0-0: SOLO HOME RUN (Flyball, 78XD, EV 103.8 MPH), Distance : 399 ft
|
Batting: LHB Josh George
|
0-0: Ball 1-0: SINGLE (Groundball, 4MS, EV 71.3 MPH) (infield hit)
|
Batting: RHB Mike Maserang
|
0-0: Ball 1-0: SINGLE (Groundball, 4MD, EV 94.4 MPH) Josh George to second Throwing error, E8 Josh George scores Mike Maserang to second
|
Batting: SHB Steve DeRienzo
|
0-0: Ball 1-0: SINGLE (Groundball, 34D, EV 98.8 MPH) Mike Maserang to third Runner from 3rd tries for Home, SAFE, throw by RF to home
|
Pitching: LHP Andy Mathis
|
|
Pinch Hitting: RHB Kyle Reilly
|
0-0: Called Strike 0-1: Foul Ball, location: 5FF 0-2: Ball 1-2: Foul Ball, location: 7LSF 1-2: Fielders Choice at 2nd, 6-4 (Groundball, 6, EV 89.4 MPH)
|
Bottom of the 7th over - 3 runs, 5 hits, 1 error, 1 left on base; Bakersfield 9 - Clearwater 6 |
TOP OF THE 8TH |
Bakersfield Blaze batting - Pitching for Clearwater Threshers : RHP John Hughes
|
Now at 1B: Kyle Reilly
|
|
Batting: RHB Jose Zuniga
|
0-0: Ball 1-0: Ball 2-0: Ball 3-0: Called Strike 3-1: Swinging Strike 3-2: Strikes out swinging
|
Batting: LHB Chris Jackson
|
0-0: Ball 1-0: Ball 2-0: Called Strike 2-1: Ball 3-1: Base on Balls
|
Batting: RHB Caleb Dean
|
0-0: Ball 1-0: Ball 2-0: Grounds into double play, 4-6-3 (Groundball, 4, EV 88.8 MPH)
|
Top of the 8th over - 0 runs, 0 hits, 0 errors, 0 left on base; Bakersfield 9 - Clearwater 6 |
BOTTOM OF THE 8TH |
Clearwater Threshers batting - Pitching for Bakersfield Blaze : LHP Andy Mathis
|
Now in LF: Antonio Oyola
|
|
Now in RF: Nick Edmunds
|
|
Pinch Hitting: SHB Brett St. Clair
|
0-0: Ball 1-0: Called Strike 1-1: Ball 2-1: Swinging Strike 2-2: Strikes out swinging
|
Batting: LHB Jonathan Roman
|
0-0: Called Strike 0-1: Fly out, F9 (Line Drive, 89M, EV 103.1 MPH)
|
Batting: LHB Jean-Claude Vanbiesbrouck
|
0-0: Foul Ball, location: 5SF 0-1: Ball 1-1: Called Strike 1-2: Ball 2-2: Ground out 6-3 (Groundball, 56, EV 91.9 MPH)
|
Bottom of the 8th over - 0 runs, 0 hits, 0 errors, 0 left on base; Bakersfield 9 - Clearwater 6 |
TOP OF THE 9TH |
Bakersfield Blaze batting - Pitching for Clearwater Threshers : RHP John Hughes
|
Now at 2B: Trent Hedrick
|
|
Batting: LHB William Gonzales
|
0-0: Foul Ball, location: 3SF 0-1: Ball 1-1: Called Strike 1-2: Strikes out swinging, 2-3 out at first.
|
Batting: RHB Rich Griffith
|
0-0: Swinging Strike 0-1: Ball 1-1: Foul Ball, location: 2F 1-2: DOUBLE (Line Drive, 9LS, EV 95.0 MPH)
|
Batting: LHB Jason Kinney
|
0-0: Intentional Walk
|
Batting: RHB Eddie Luna
|
0-0: Ball 1-0: Ball 2-0: Called Strike 2-1: Fly out, F9 (Flyball, 89S, EV 89.4 MPH)
|
Pitching: RHP Jeff van Schaik
|
|
Batting: LHB Chang Huie
|
0-0: Called Strike 0-1: Ball 1-1: Fly out, F7 (Flyball, 7, EV 96.3 MPH)
|
Top of the 9th over - 0 runs, 1 hit, 0 errors, 2 left on base; Bakersfield 9 - Clearwater 6 |
BOTTOM OF THE 9TH |
Clearwater Threshers batting - Pitching for Bakersfield Blaze : LHP Andy Mathis
|
Pitching: RHP Dave Williams
|
|
Now at 1B: Brent Dutcher
|
|
Batting: RHB Alan Weller
|
0-0: Ball 1-0: Ground out U3 (Groundball, 34, EV 103.8 MPH)
|
Pinch Hitting: LHB Rich Kuehne
|
0-0: Ground out 5-3 (Groundball, 56, EV 87.5 MPH)
|
Batting: LHB Josh George
|
0-0: Called Strike 0-1: Called Strike 0-2: Ball 1-2: Ball 2-2: Foul Ball, location: 7LMF 2-2: Strikes out swinging
|
Bottom of the 9th over - 0 runs, 0 hits, 0 errors, 0 left on base; Bakersfield 9 - Clearwater 6 |
|